 Dungeon Crawl Stone Soup version 0.31.0-11-ge490571c62 (webtiles) character file.

Game seed: 11831302976412194967

4432 Gadfly the Ruffian (level 10, -9/75 HPs)
             Began as a Demonspawn Shapeshifter on Jan 27, 2024.
             Was an Initiate of Gozag.
             Mangled by a yak (15 damage)
             ... on level 9 of the Dungeon.
             The game lasted 00:10:06 (8601 turns).

Gadfly the Ruffian (Demonspawn Shapeshifter)        Turns: 8601, Time: 00:10:07

Health: -9/75      AC:  4    Str: 26    XL:     10   Next: 14%
Magic:  10/10      EV: 14    Int: 10    God:    Gozag
Gold:   1877       SH:  0    Dex: 12    Spells: 9/9 levels left

rFire   . .          .
                       - Unarmed
rCold   . . .        (no shield)
rNeg    . . .        a - +1 animal skin
rPois   +            (helmet currently unavailable)
rElec   .            p - melded +0 cloak
rCorr   .            (gloves currently unavailable)
SInv    .            (boots currently unavailable)
Will    .....        n - amulet of the acrobat
Stlth   +            l - +6 ring of strength
HPRegen 0.32/turn    x - ring of poison resistance
MPRegen 0.12/turn

%: acrobat
@: beast-form, gold aura
A: beast (slay +3), powered by pain 2, spiny 2, sharp scales 1, weakness stinger
1
a: Begin Untransformation, Renounce Religion, Potion Petition, Call Merchant,
Bribe Branch


You were on level 9 of the Dungeon.
You worshipped Gozag.
Gozag was most pleased with you.
You were a hulking beast.
You visited 1 branch of the dungeon, and saw 9 of its levels.

You collected 1947 gold pieces.
You paid 70 gold pieces to Gozag.

Inventory:

Hand Weapons
 b - a +3 short sword of electrocution
 t - a +6 halberd
Armour
 a - a +1 animal skin (worn)
 p - a +0 cloak (melded)
 w - the +3 ring mail of Mumblety Peg {Str+4}
   (You found it on level 8 of the Dungeon)

   Str+4:     It affects your strength (+4).
Jewellery
 l - a +6 ring of strength (left hand)
 n - an amulet of the acrobat (around neck)
 x - a ring of poison resistance (right hand)
Talismans
 c - a beast talisman (active)
 d - a flux talisman
Wands
 j - a wand of flame (9) (quivered)
 v - a wand of charming (8)
Scrolls
 g - 5 scrolls of teleportation
 q - a scroll of poison
 s - 2 scrolls of blinking
 y - a scroll of enchant armour
Potions
 e - 3 potions of curing
 f - a potion of heal wounds
 h - 3 potions of enlightenment
 i - a potion of berserk rage
 m - a potion of haste
 o - 3 potions of might
 r - a potion of lignification


   Skills:
 + Level 5.6 Fighting
 + Level 6.0 Dodging
 * Level 7.3 Unarmed Combat
 + Level 6.1 Evocations
 * Level 6.7 Shapeshifting


You had 9 spell levels left.
You didn't know any spells.
Your spell library contained the following spells:

 Spells                   Type           Power      Damage    Failure   Level
 Magic Dart               Conj           0%         1d3       36%         1
 Searing Ray              Conj           0%         2d4       50%         2
 Animate Armour           Summ/Erth      0%         N/A       98%         4
 Fulminant Prism          Conj/Alch      0%         3d5       98%         4
 Petrify                  Alch/Erth      0%         N/A       98%         4
 Summon Lightning Spire   Summ/Air       0%         N/A       98%         4
 Lee's Rapid Deconstruct  Erth           0%         3d4*      100%        5
 Metabolic Englaciation   Hex/Ice        0%         N/A       100%        5
 Silence                  Hex/Air        0%         N/A       100%        5


Dungeon Overview and Level Annotations

Branches:
Dungeon (9/15)             Temple (0/1) D:6
   Lair: D:8-11         Orc: D:9-12

Altars:
Ashenzari
Dithmenos
Fedhas
Gozag
Hepliaklqana
Kikubaaqudgha
Makhleb
Nemelex Xobeh
Wu Jian


Innate Abilities, Weirdness & Mutations

You are a hulking beast.
Your limbs bulge with bestial killing power. (Slay +3)
You sometimes gain power by taking damage.
You are mostly covered in sharp spines.
You are partially covered in razor-sharp scales. (AC +1, Slay +1)
You have a small tail.


Message History

You are too injured to fight recklessly!
You are too injured to fight recklessly!
You are too injured to fight recklessly!
You are too injured to fight recklessly!
You are too injured to fight recklessly!
Unknown command.
You hit the yak.
The yak is severely wounded.
You barely miss the yak.
The yak is severely wounded.
The yak gores you.
You barely miss the yak.
The yak is severely wounded.
The yak is struck by your spines. The yak gores you.
* * * LOW HITPOINT WARNING * * *
Unknown command.
You hit the yak.
The yak is severely wounded.
The yak is struck by your spines. The yak closely misses you.
You barely miss the yak.
The yak is almost dead.
The yak is struck by your spines.
You kill the yak!
The yak misses you.
You see here 58 gold pieces.
You barely miss the yak. You tail-slap the yak.
The yak is lightly wounded.
The yak is struck by your spines. The yak gores you.
* * * LOW HITPOINT WARNING * * *
You hit the yak.
The yak is moderately wounded.
You barely miss the yak. You tail-slap the yak.
The yak is moderately wounded.
The yak gores you!
* * * LOW HITPOINT WARNING * * *
You hit the yak.
The yak is moderately wounded.
The yak is struck by your spines. The yak gores you!
You die...
Your body crumbles into a pile of gold.

.... .. .............
... (..........#..#
..#.
....#..........##....
.............#......#Y
............^#........
........#.##.#.....#
........#.##.#..#
...........hY...#
........#$##.#..#
.............#..##..#
..#
.............#..##..#
#.#
.......##....#..##..#
#.##.#
................##..
#.##.#
....................
#.##.#
......#####..##.##.#
#.##..
.#....#####..##.##.#
#.##.#


You could see a yak.

Vanquished Creatures
  Grinder (D:5)
  A wyvern (D:8)
  4 yaks (D:9)
  A steam dragon (D:6)
  4 water moccasins
  A black bear (D:6)
  2 ice beasts
  2 ogres
  2 orc warriors
  A centaur (D:6)
  Blork the orc (D:5)
  4 kobold brigands
  3 bullfrogs
  5 scorpions
  4 wights (D:7)
  4 killer bees (D:8)
  A hound (D:5)
  4 orc priests
  2 gnoll boudas
  7 jellies
  Crazy Yiuf (D:3)
  4 sleepcaps
  4 orc wizards
  Terence (D:2)
  2 iguanas (D:6)
  10 adders
  7 gnolls
  A shadow imp (D:6)
  3 white imps
  An ufetubus (D:6)
  2 dart slugs
  2 ribbon worms
  22 orcs
  3 bats
  7 endoplasms
  3 giant cockroaches
  12 goblins
  7 hobgoblins
  8 jackals
  26 kobolds
  2 quokkas
  5 ball pythons
  4 frilled lizards
  6 rats
197 creatures vanquished.

Vanquished Creatures (others)
  A quokka (D:6)
1 creature vanquished.

Grand Total: 198 creatures vanquished

Notes
Turn   | Place    | Note
-------+----------+-------------------------------------------
     0 | D:1      | Gadfly the Demonspawn Shapeshifter began the quest for the
                  | Orb.
     0 | D:1      | Reached XP level 1. HP: 15/15 MP: 1/1
   243 | D:1      | Gained mutation: You have a small tail. [demonic ancestry]
   243 | D:1      | Reached XP level 2. HP: 18/21 MP: 2/2
   293 | D:1      | Reached skill level 1 in Evocations
   568 | D:1      | Gained mutation: You are partially covered in razor-sharp
                  | scales. (AC +1, Slay +1) [demonic ancestry]
   568 | D:1      | Reached XP level 3. HP: 23/26 MP: 3/3
   637 | D:1      | Reached skill level 3 in Unarmed Combat
  1783 | D:2      | Gained mutation: You are partially covered in sharp spines.
                  | [demonic ancestry]
  1783 | D:2      | Reached XP level 4. HP: 32/32 MP: 4/4
  2053 | D:3      | Noticed Terence
  2219 | D:2      | Killed Terence
  2438 | D:3      | Found an ancient bone altar of Kikubaaqudgha.
  2894 | D:3      | Found a runed translucent door.
  2895 | D:3      | Noticed Crazy Yiuf
  2900 | D:3      | Killed Crazy Yiuf
  2901 | D:3      | Reached XP level 5. HP: 38/38 MP: 5/5
  3150 | D:4      | Reached XP level 6. HP: 45/45 MP: 6/6
  3179 | D:4      | Noticed an ice beast
  3194 | D:4      | Killed an ice beast
  3870 | D:5      | Entered Level 5 of the Dungeon
  3870 | D:5      | Noticed Grinder
  3886 | D:5      | Found an opulent altar of Gozag.
  3967 | D:5      | Became a worshipper of Gozag Ym Sagoz the Greedy
  4003 | D:5      | Gained mutation: You sometimes gain a little power by
                  | taking damage. [demonic ancestry]
  4003 | D:5      | Reached XP level 7. HP: 32/51 MP: 7/7
  4146 | D:5      | Found a burning altar of Makhleb.
  4154 | D:5      | Found a blossoming altar of Fedhas.
  4322 | D:5      | Reached skill level 4 in Unarmed Combat
  4830 | D:5      | Noticed Blork the orc
  4834 | D:5      | Killed Blork the orc
  5025 | D:5      | Paralysed by Grinder for 5 turns
  5035 | D:5      | Killed Grinder
  5036 | D:5      | Gained mutation: You sometimes gain power by taking damage.
                  | [demonic ancestry]
  5036 | D:5      | Reached XP level 8. HP: 59/59 MP: 8/8
  5571 | D:6      | Reached skill level 5 in Unarmed Combat
  5646 | D:6      | Found an ornate altar of the Wu Jian Council.
  5835 | D:6      | Reached skill level 5 in Shapeshifting
  6171 | D:6      | Found a staircase to the Ecumenical Temple.
  6239 | D:6      | Reached skill level 5 in Dodging
  6323 | D:6      | Reached skill level 5 in Evocations
  6411 | D:6      | Reached XP level 9. HP: 54/66 MP: 9/9
  6420 | D:6      | Reached skill level 6 in Unarmed Combat
  7122 | D:7      | Reached skill level 5 in Fighting
  7422 | D:7      | Got the Reference Book on Excavation and Execration
  7504 | D:7      | Found a broken altar of Ashenzari.
  7504 | D:7      | Found a shadowy altar of Dithmenos.
  7505 | D:7      | Found a hazy altar of Hepliaklqana.
  7710 | D:8      | Found a sparkling altar of Nemelex Xobeh.
  7756 | D:8      | Identified the +3 ring mail of Mumblety Peg {Str+4}
  8094 | D:8      | Reached skill level 7 in Unarmed Combat
  8295 | D:8      | Identified a scroll of acquirement
  8295 | D:8      | Acquired 888 gold pieces
  8583 | D:9      | Gained mutation: You are mostly covered in sharp spines.
                  | [demonic ancestry]
  8583 | D:9      | Reached XP level 10. HP: 69/74 MP: 10/10
  8601 | D:9      | Mangled by a yak

Illustrated notes

Levels and vault maps discovered:
D:1:      dpeg_arrival_circle_labyrinth_a, layout_loops_corners,
          chequers_mini_garden, minmay_statues_item, roderic_roman_lattice
D:2:      minmay_spotlight, layout_basic, kennysheep_cross_bottleneck
D:3:      layout_rooms, overflow_temple_1_default, uniq_crazy_yiuf_cottage,
          uniq_terence
D:4:      layout_gridville
D:5:      layout_loops_ring, mainiacjoe_overflow_boulevard,
          grunt_temple_overflow_diamond, dk_noncrumbling_2, roderic_lattice_a,
          kennysheep_generic_room_8, uniq_grinder, uniq_blork_the_orc
D:6:      minmay_chambers_of_threes, layout_basic, elyvilon_altar_4,
          mainiacjoe_overflow_small_starburst, minmay_temple_entry_nine_rooms,
          chequers_serial_rivers_small_b
D:7:      layout_basic, gammafunk_temple_overflow_claw
D:8:      layout_loops_ring, mainiacjoe_overflow_tiny_flanked
D:9:      okawaru_arena_lexackson, layout_basic,
          mainiacjoe_overflow_cross_hatched

Skill      XL: |  1  2  3  4  5  6  7  8  9 10 |
---------------+-------------------------------+-----
Dodging        | 2 3 4 5 6 |  6.0
Evocations     | 1 2 3 4 5 6 |  6.1
Unarmed Combat | 3 4 5 7 |  7.3
Shapeshifting  | 3 4 5 6 |  6.7
Fighting       | 2 3 4 5 |  5.6

Action                     |  1- 3 |  4- 6 |  7- 9 | 10-12 || total
---------------------------+-------+-------+-------+-------++-------
  Melee: Unarmed           |   106 |   132 |   170 |    18 ||   426
         Tailslap          |    11 |    13 |    37 |     5 ||    66
         Punch             |     2 |     2 |    11 |       ||    15
         Short sword       |       |       |    75 |       ||    75
Ability: Begin Untransform |       |     2 |       |       ||     2
  Evoke: Wand              |       |     2 |       |       ||     2
    Use: Scroll            |     4 |     2 |     9 |       ||    15
         Potion            |       |     3 |     2 |       ||     5
   Stab: Sleeping          |     3 |       |     2 |       ||     5
         Distracted        |       |       |     2 |       ||     2
 Armour: Animal skin       |    42 |    41 |   107 |    11 ||   201
         Skin              |       |     9 |       |       ||     9
  Dodge: Dodged            |    68 |    75 |   164 |     4 ||   311
   Form: Beast             |       |     2 |       |       ||     2
